 Dungeon Sprint DCSS version 0.28-a0-79-g444c7a33f5 (webtiles) character file.

Game seed: 13103014857113743581

25 Zeldest the Ducker (level 2, -1/39 HPs)
             Began as a Demigod Gladiator on Aug 2, 2021.
             Drowned by a water elemental (4 damage)
             ... in the Dungeon (Sprint III: "The Ten Rune Challenge").
             The game lasted 00:01:18 (379 turns).

Zeldest the Ducker (Demigod Gladiator)               Turns: 379, Time: 00:01:18

Health: -1/39      AC:  5    Str: 15    XL:     2   Next: 63%
Magic:  4/4        EV: 12    Int: 10    God:
Gold:   22         SH:  0    Dex: 15    Spells: 1/1 levels left

rFire   . . .      SeeInvis .   a - +0 long sword
rCold   . . .      Faith    .   (no shield)
rNeg    . . .      Spirit   .   k - +0 ring mail
rPois   .          Reflect  .   (no helmet)
rElec   .          Harm     .   (no cloak)
rCorr   .          Rampage  .   (no gloves)
Will    .....      NoTele   +   (no boots)
Stlth   ..........              (no amulet)
HPRegen 0.13/turn               (no ring)
MPRegen 0.09/turn               (no ring)

@: berserking (expiring), engulfed (cannot breathe), very quick
A: high mp 1, forlorn, mutation resistance 1
a: no special abilities


You were in the Dungeon.
You visited 1 branch You collected 22 gold pieces.

Inventory:

Hand Weapons
 a - a +0 long sword (weapon)
Missiles
 d - 3 throwing nets (quivered)
Armour
 b - a +0 leather armour
 c - a +0 helmet
 k - a +0 ring mail (worn)
Scrolls
 j - a scroll of blinking
 m - 2 scrolls of immolation {unknown}
 n - a scroll of fear {unknown}
 o - a scroll of identify {unknown}
Potions
 e - 2 potions of curing
 g - a potion of haste
 h - 2 potions of magic
 l - a potion of cancellation {unknown}
 p - a potion of invisibility {unknown}
 q - 2 potions of flight


   Skills:
 + Level 3.4 Fighting
 + Level 4.0 Long Blades
 - Level 1.7 Throwing
 + Level 4.0 Dodging


You had one spell level left.
You didn't know any spells.
Your spell library was empty.

Dungeon Overview and Level Annotations

Branches:
Dungeon (1/1)


Innate Abilities, Weirdness & Mutations

Your attributes grow dramatically as you level up.
You have an increased reservoir of magic. (+10% MP)
You shall have no god before yourself.
You are somewhat resistant to further mutation.


Message History

The human is almost dead.
The human splashes around in the water.
You hit the human.
You kill the human!
Your Fighting skill increases to level 3!
Your Long Blades skill increases to level 4!
Your Dodging skill increases to level 4!
You have reached level 2!
You start resting.
You enter the shallow water.
Moving in this stuff is going to be slow.
You see here a human corpse.
Okay, then.
You open the door.
A water elemental comes into view.
The water elemental moves out of view.
The water elemental closely misses you.
There is an open door to the Ecumenical Temple here.
A red film seems to cover your vision as you go berserk!
You feel yourself moving faster!
You feel mighty! The water elemental closely misses you.
You hit the water elemental but do no damage.
The water elemental hits you!
The water elemental engulfs you in water!
You hit the water elemental.
The water elemental is lightly damaged.
Your lungs strain for air!
The water elemental hits you.
You slash the water elemental!
The water elemental is heavily damaged.
* * * LOW HITPOINT WARNING * * *
Your lungs strain for air!
The water elemental closely misses you.
You barely miss the water elemental.
The water elemental is heavily damaged.
* * * LOW HITPOINT WARNING * * *
Your lungs strain for air!
You slash the water elemental!
The water elemental is almost destroyed.
You die...

▓▓▓▓▓▓▓▓▓ ▓▓▓
.#..'...♣♣♣♣ ♣.#
.#..#....♣.♣ ♣♣.#
'####......♣ ♣..#
....#....≈♣♣♣♣..###+#+##
....#...†≈.♣♣.♣.#.......
....#..≈≈≈≈.♣♣..@.⌠.....
###'#..≈≈≈≈≈≈...#E..####
..†.#.≈≈≈≈≈≈....#.⌠.#
....#.≈≈≈≈≈.....#...#
....#.≈≈≈.......#+###
#####...........#
................#
▓▓▓▓▓▓▓▓▓▓▓▓▓▓▓▓▓


You could see a water elemental.

Vanquished Creatures
  A human (D)
  A phantom (D)
  2 endoplasms (D)
  2 rats (D)
6 creatures vanquished.

Notes
Turn   | Place    | Note
-------+----------+-------------------------------------------
     0 | D        | Zeldest the Demigod Gladiator began the quest for the Orb.
     0 | D        | Reached XP level 1. HP: 17/17 MP: 3/3
   274 | D        | Gained mutation: You are frail. (-10% HP) [potion of
                  | mutation]
   274 | D        | Gained mutation: You have a pair of small antennae on your
                  | head. [potion of mutation]
   275 | D        | Lost mutation: You are frail. (-10% HP) [potion of
                  | mutation]
   275 | D        | Lost mutation: You have a pair of small antennae on your
                  | head. [potion of mutation]
   275 | D        | Gained mutation: You occasionally shout uncontrollably at
                  | your foes. [potion of mutation]
   275 | D        | Gained mutation: You possess an exceptional clarity of
                  | mind. [potion of mutation]
   276 | D        | Lost mutation: You possess an exceptional clarity of mind.
                  | [potion of mutation]
   276 | D        | Lost mutation: You occasionally shout uncontrollably at
                  | your foes. [potion of mutation]
   276 | D        | Gained mutation: Your mind is acute. (Int +2) [potion of
                  | mutation]
   276 | D        | Gained mutation: Your muscles are strong. (Str +2) [potion
                  | of mutation]
   277 | D        | Lost mutation: Your mind is acute. (Int +2) [potion of
                  | mutation]
   277 | D        | Lost mutation: Your muscles are strong. (Str +2) [potion of
                  | mutation]
   277 | D        | Gained mutation: You are somewhat resistant to further
                  | mutation. [potion of mutation]
   277 | D        | Gained mutation: Your body sometimes deteriorates upon
                  | taking damage. [potion of mutation]
   278 | D        | Lost mutation: Your body sometimes deteriorates upon taking
                  | damage. [potion of mutation]
   304 | D        | Reached XP level 2. HP: 19/26 MP: 4/4
   372 | D        | Noticed a water elemental
   379 | D        | Drowned by a water elemental

Illustrated notes

Levels and vault maps discovered:
D:        dungeon_sprint_mu [sprint_mu_entry_forest, sprint_mu_temple_rooms,
          sprint_mu_d1_spiders, sprint_mu_d2_genie, sprint_mu_d3_branching,
          sprint_mu_orc_legion, sprint_mu_elf_gauntlet, sprint_mu_hive_nellie,
          sprint_mu_lair_fedhas, sprint_mu_vaults_butterflies,
          sprint_mu_slime_circle, sprint_mu_shoals_kraken,
          sprint_mu_snake_twists, sprint_mu_blade_basic, sprint_mu_crypt_lich,
          sprint_mu_tomb_spiral, sprint_mu_vestibule_basic,
          sprint_mu_gehenna_hellfire, sprint_mu_dis_giant,
          sprint_mu_tartarus_statrot, sprint_mu_cocytus_islands, sprint_mu_zot1]

Skill      XL: |  1 |
---------------+----+-----
Fighting       | 3 |  3.4
Long Blades    | 4 |  4.0
Dodging        | 4 |  4.0
Throwing       | |  1.7

Action                   || total
-------------------------++-------
Melee: Long sword        ||    29
  Use: Potion            ||     7
Armor: Ring mail         ||     2
       Leather armour    ||     1
Dodge: Dodged            ||    13
       Rpst.: Long sword ||     3

Table legend: (Time is in decaauts)
 A = Elapsed time spent in this place.
 B = Non-inter-level travel time spent in this place.
 C = Inter-level travel time spent in this place.
 D = Time resting spent in this place.
 E = Time spent auto-exploring this place.
 F = Levels seen in this place.
 G = Mean time per level.
                   A        B        C        D        E       F      G
               +--------+--------+--------+--------+--------+-----+--------+
         Total |    387 |    387 |      0 |    270 |      0 |   1 |  387.0 |
       Dungeon |    387 |    387 |      0 |    270 |      0 |   1 |  387.0 |
               +--------+--------+--------+--------+--------+-----+--------+

Top non-repeatable levels by time:
       D: 387 daAuts
